[Event "European Womens-ch 2025"]
[Site "Rhodes"]
[Date "2025.04.09"]
[Round "9.41"]
[White "Tirpan, Ceren"]
[Black "Yildiz, Elif Zeren"]
[Result "1/2-1/2"]
[Annotator "ChessBase"]
[ECO "D02"]
[WhiteElo "1996"]
[BlackElo "2160"]
[PlyCount "95"]
[EventDate "2025.03.29"]
[EventType "swiss"]
[EventCountry "GRE"]
[SourceTitle "playchess.com"]
[Source "ChessBase"]
[SourceQuality "1"]
[TimeControl "40/5400+30:1800+30"]

1. d4 Nf6 2. Bf4 e6 3. Nf3 c5 4. e3 d5 5. Nbd2 Bd6 6. Bg3 Qc7 7. Bb5+ Nbd7 8. O-O O-O 9. Bxd6 Qxd6 10. c4 a6 11. Bxd7 Bxd7 12. cxd5 exd5 13. dxc5 Qxc5 14. Nd4 Rac8 15. Qb3 Rc7 16. a3 Rfc8 17. h3 Qe7 18. N2f3 h6 19. Ne1 Be6 20. Nd3 Ne4 21. Qd1 Nd6 22. Re1 Qf6 23. Qh5 Ne4 24. Rad1 Qg5 25. Qf3 Qf6 26. Qe2 Rc4 27. Nf4 Qe5 28. f3 Nf6 29. Nd3 Qh5 30. Rd2 Bd7 31. Qf2 Re8 32. Qg3 Qg5 33. Qxg5 hxg5 34. Kf2 Rc7 35. Rc1 Rec8 36. Rdc2 Rxc2+ 37. Rxc2 Rxc2+ 38. Nxc2 Kf8 39. Nc5 Bc8 40. Ke2 Ke7 41. Kd3 Nd7 42. Kd4 Kd6 43. Nxd7 Bxd7 44. Nb4 Bb5 45. g3 Bf1 46. f4 gxf4 47. exf4 Bxh3 48. Nxd5 1/2-1/2

[Event "European Womens-ch 2025"]
[Site "Rhodes"]
[Date "2025.04.09"]
[Round "9.43"]
[White "Paasikangas, Johanna"]
[Black "Rudzinska, Michalina"]
[Result "0-1"]
[Annotator "ChessBase"]
[ECO "B12"]
[WhiteElo "2106"]
[BlackElo "2223"]
[PlyCount "120"]
[EventDate "2025.03.29"]
[EventType "swiss"]
[EventCountry "GRE"]
[SourceTitle "playchess.com"]
[Source "ChessBase"]
[SourceQuality "1"]
[TimeControl "40/5400+30:1800+30"]

1. e4 c6 2. d4 d5 3. e5 c5 4. Nf3 cxd4 5. Qxd4 Nc6 6. Qf4 e6 7. c3 Qc7 8. Bd3 Nge7 9. O-O Ng6 10. Bxg6 hxg6 11. Re1 Be7 12. a4 f6 13. Na3 a6 14. Qg3 Kf7 15. Nc2 Rh5 16. Bf4 f5 17. Bg5 Na5 18. Ncd4 Qd8 19. Bxe7 Qxe7 20. h4 Bd7 21. Ng5+ Kg8 22. b4 Nc6 23. Ne2 Nd8 24. Nf4 Rh6 25. Red1 Rc8 26. Ne2 Nf7 27. Nf3 Rc4 28. Rd4 Rxd4 29. Nexd4 Qd8 30. b5 Qc7 31. bxa6 bxa6 32. Rb1 Kf8 33. Ng5 Nxg5 34. hxg5 Rh8 35. f4 Kf7 36. Qd3 Rc8 37. Rb4 Qxc3 38. Qxc3 Rxc3 39. Rb7 Ke7 40. a5 Rc4 41. Nb3 Kd8 42. g3 d4 43. Kf2 Rc2+ 44. Ke1 d3 45. Nd2 Ra2 46. Rb6 Rxa5 47. Rd6 Ra1+ 48. Kf2 Kc7 49. Rxd3 Bc6 50. Rc3 a5 51. Nc4 Kb7 52. Ke3 Bd5 53. Nd6+ Kb6 54. Rc8 a4 55. Rb8+ Kc7 56. Rg8 a3 57. Rxg7+ Kc6 58. Ra7 a2 59. Ra6+ Kc5 60. Ra5+ Kb6 0-1

[Event "European Womens-ch 2025"]
[Site "Rhodes"]
[Date "2025.04.09"]
[Round "9.44"]
[White "Lach, Aleksandra"]
[Black "Dicen, Elis Denele"]
[Result "0-1"]
[Annotator "ChessBase"]
[ECO "D00"]
[WhiteElo "2208"]
[BlackElo "2129"]
[PlyCount "80"]
[EventDate "2025.03.29"]
[EventType "swiss"]
[EventCountry "GRE"]
[SourceTitle "playchess.com"]
[Source "ChessBase"]
[SourceQuality "1"]
[TimeControl "40/5400+30:1800+30"]

1. d4 d5 2. e3 Nf6 3. Bd3 c5 4. c3 Nc6 5. f4 Bg4 6. Nf3 e6 7. O-O Bd6 8. Qe1 Ne7 9. Ne5 Bf5 10. Bb5+ Kf8 11. Nd2 a6 12. Be2 h5 13. Bf3 g6 14. Kh1 Kg7 15. dxc5 Bxc5 16. b4 Bd6 17. e4 dxe4 18. Nxe4 Nxe4 19. Bxe4 Qc7 20. Bb2 Bxe5 21. fxe5 Bxe4 22. Qxe4 Nf5 23. c4 h4 24. Kg1 a5 25. a3 b6 26. Rac1 axb4 27. axb4 Ra2 28. Rc2 Qe7 29. c5 Ra4 30. Qe1 bxc5 31. bxc5 Rc8 32. Qf2 Rc6 33. Bc1 Ra5 34. Rc4 Qc7 35. Rxh4 Raxc5 36. Bf4 Rc2 37. Qe1 R6c4 38. Rg4 Qc6 39. Bh6+ Nxh6 40. Qh4 Rxg4 0-1

[Event "European Womens-ch 2025"]
[Site "Rhodes"]
[Date "2025.04.09"]
[Round "9.45"]
[White "Dwilewicz, Katarzyna"]
[Black "Zagorac, Lara"]
[Result "1-0"]
[Annotator "ChessBase"]
[ECO "D00"]
[WhiteElo "2203"]
[BlackElo "2106"]
[PlyCount "83"]
[EventDate "2025.03.29"]
[EventType "swiss"]
[EventCountry "GRE"]
[SourceTitle "playchess.com"]
[Source "ChessBase"]
[SourceQuality "1"]
[TimeControl "40/5400+30:1800+30"]

1. d4 Nf6 2. Nc3 d5 3. Bf4 c5 4. e4 Nxe4 5. Nxe4 dxe4 6. dxc5 Qa5+ 7. c3 Qxc5 8. Qa4+ Bd7 9. Qxe4 Bc6 10. Qc2 g6 11. Be3 Qf5 12. Bd3 Qg4 13. f3 Qe6 14. Kf2 Bg7 15. Ne2 O-O 16. h4 Nd7 17. Nd4 Qd6 18. Nxc6 Qxc6 19. Be4 Qa6 20. Qd3 Qxd3 21. Bxd3 Ne5 22. Rad1 a6 23. Be4 Nc4 24. Bc1 Nd6 25. Bd5 Rad8 26. Bg5 Rd7 27. Rhe1 e6 28. Bb3 h6 29. Bf4 Rfd8 30. Rxe6 Nf5 31. Re8+ Rxe8 32. Rxd7 Re7 33. Rd8+ Kh7 34. g4 Nxh4 35. Bd6 Re6 36. Bxe6 fxe6 37. Rd7 Kg8 38. Rxb7 g5 39. Re7 a5 40. Rxe6 Kf7 41. Re7+ Kf6 42. Ra7 1-0

[Event "European Womens-ch 2025"]
[Site "Rhodes"]
[Date "2025.04.09"]
[Round "9.46"]
[White "Prado Acebo, Ines"]
[Black "Rida, Ruqayyah"]
[Result "1/2-1/2"]
[Annotator "ChessBase"]
[ECO "E11"]
[WhiteElo "2199"]
[BlackElo "2065"]
[PlyCount "188"]
[EventDate "2025.03.29"]
[EventType "swiss"]
[EventCountry "GRE"]
[SourceTitle "playchess.com"]
[Source "ChessBase"]
[SourceQuality "1"]
[TimeControl "40/5400+30:1800+30"]

1. d4 Nf6 2. c4 e6 3. Nf3 Bb4+ 4. Nbd2 c5 5. a3 Bxd2+ 6. Bxd2 d6 7. Qc2 Nc6 8. e3 Qe7 9. b4 cxd4 10. Nxd4 Nxd4 11. exd4 e5 12. Be2 O-O 13. dxe5 Qxe5 14. Bc3 Qg5 15. O-O Nh5 16. Kh1 Nf4 17. Bf3 Bg4 18. Bxg4 Qxg4 19. f3 Qc8 20. Qe4 Ne6 21. Rac1 Re8 22. Qg4 Kh8 23. Rfd1 Qc7 24. Qg3 Rad8 25. c5 f6 26. cxd6 Qd7 27. Qf2 b6 28. Qb2 Nf8 29. Be1 Ng6 30. Bg3 Ne7 31. h3 Nf5 32. Bf4 Qb5 33. Rd2 h5 34. a4 Qxa4 35. Rd5 Qd7 36. Qb1 g6 37. Rdd1 Rc8 38. Qa1 Rxc1 39. Qxf6+ Qg7 40. Qxg7+ Kxg7 41. Rxc1 Rd8 42. Rc7+ Kf6 43. Rxa7 g5 44. Bh2 Nxd6 45. Ra6 Nc4 46. Bc7 Rd1+ 47. Kh2 Ke6 48. g4 Rd2+ 49. Kg1 hxg4 50. hxg4 Rd5 51. Bg3 Rd1+ 52. Kg2 Rb1 53. Ra4 Ne3+ 54. Kf2 Nd1+ 55. Kg2 Nc3 56. Ra3 Nd5 57. Ra8 Rxb4 58. Re8+ Ne7 59. Bf2 Rb2 60. Kg3 Kf7 61. Rb8 Nd5 62. Rb7+ Kf8 63. Bd4 Rb3 64. Bg7+ Ke8 65. Bh6 Nf6 66. Bg7 Ne4+ 67. Kg2 Nc5 68. Rb8+ Kf7 69. Bd4 Ne6 70. Rb7+ Ke8 71. Bf6 Kf8 72. Re7 Nf4+ 73. Kg3 Nd5 74. Re6 Kf7 75. Re5 Nxf6 76. Kf2 Kg6 77. Ke2 b5 78. Rf5 Rb4 79. Rc5 Rb3 80. Rf5 Rb4 81. Rc5 Rb1 82. Rf5 b4 83. f4 gxf4 84. Rxf4 b3 85. Kd2 Rg1 86. Rb4 Rb1 87. Rb6 Kg5 88. Rb5+ Kxg4 89. Kc3 Ne4+ 90. Kd3 Re1 91. Rxb3 Kf4 92. Rb4 Rd1+ 93. Kc4 Rc1+ 94. Kd5 Rc5+ 1/2-1/2

[Event "European Womens-ch 2025"]
[Site "Rhodes"]
[Date "2025.04.09"]
[Round "9.47"]
[White "Sivanandan, Bodhana"]
[Black "Schloffer, Jasmin-Denise"]
[Result "1/2-1/2"]
[Annotator "ChessBase"]
[ECO "B15"]
[WhiteElo "2073"]
[BlackElo "2188"]
[PlyCount "116"]
[EventDate "2025.03.29"]
[EventType "swiss"]
[EventCountry "GRE"]
[SourceTitle "playchess.com"]
[Source "ChessBase"]
[SourceQuality "1"]
[TimeControl "40/5400+30:1800+30"]

1. e4 c6 2. d4 d5 3. Nd2 dxe4 4. Nxe4 Nf6 5. Nxf6+ exf6 6. c3 Bd6 7. Bd3 O-O 8. Ne2 Re8 9. O-O Nd7 10. Ng3 g6 11. Bh6 Nf8 12. Qd2 Ne6 13. Rfe1 Bd7 14. Re2 f5 15. Bc4 b5 16. Bb3 Qc7 17. Rae1 Nf4 18. Rxe8+ Rxe8 19. Rxe8+ Bxe8 20. h3 Bd7 21. Ne2 Ne6 22. d5 cxd5 23. Bxd5 Bh2+ 24. Kh1 Be5 25. a3 a6 26. Bxe6 fxe6 27. Be3 Bc6 28. Kg1 Qd6 29. Qxd6 Bxd6 30. f4 e5 31. fxe5 Bxe5 32. Kf2 Kf7 33. g3 Be4 34. Bd4 Bd6 35. Ke3 Bb7 36. h4 h6 37. Kf2 g5 38. hxg5 hxg5 39. Nc1 Ke6 40. Nd3 Kd5 41. b3 a5 42. Be3 Be7 43. Ke2 Bc8 44. b4 axb4 45. axb4 Bf6 46. Bd2 Kc4 47. Nb2+ Kb3 48. Nd1 Bb7 49. Be1 Be4 50. Bd2 Bc2 51. Ne3 Bxc3 52. Nxc2 Kxc2 53. Bxg5 Bxb4 54. Kf3 Bc3 55. Be7 Kd3 56. Kf4 Be1 57. Bd6 b4 58. Bxb4 Bxb4 1/2-1/2

[Event "European Womens-ch 2025"]
[Site "Rhodes"]
[Date "2025.04.09"]
[Round "9.49"]
[White "Zaksaite, Salomeja"]
[Black "Bhatia, Kanishka"]
[Result "1/2-1/2"]
[Annotator "NA"]
[ECO "C00"]
[WhiteElo "2137"]
[BlackElo "2012"]
[PlyCount "94"]
[EventDate "2025.03.29"]
[EventType "swiss"]
[EventCountry "GRE"]
[SourceTitle "playchess.com"]
[Source "ChessBase"]
[SourceQuality "1"]
[TimeControl "40/5400+30:1800+30"]

1. e4 e6 2. Qe2 Be7 3. g3 d5 4. d3 dxe4 5. dxe4 e5 6. Nc3 Nf6 7. Nf3 Nbd7 8. Bg2 c6 9. O-O O-O 10. Nh4 Re8 11. Nf5 Bf8 12. Rd1 Qc7 13. a4 a5 14. b3 b6 15. g4 g6 16. Nh6+ Kg7 17. Qf3 Nc5 18. Ne2 Nfxe4 19. Ng3 Nxg3 20. hxg3 Bb7 21. g5 Qe7 22. Bb2 f6 23. gxf6+ Qxf6 24. Qxf6+ Kxf6 25. Ng4+ Kf7 26. Nxe5+ Kg8 27. Nxc6 Rac8 28. Bd5+ Ne6 29. Bxe6+ Rxe6 30. Nd8 Re7 31. Nxb7 Rxc2 32. Bd4 Rxb7 33. Rac1 Rxc1 34. Rxc1 b5 35. Rc8 bxa4 36. bxa4 Kf7 37. Bc5 Bg7 38. Kg2 Rb3 39. Rc7+ Kg8 40. Ra7 Bc3 41. Ra6 Rb2 42. Bb6 Ra2 43. Bxa5 Rxa4 44. Ra8+ Kf7 45. Ra7+ Ke6 46. Bb6 Rxa7 47. Bxa7 Ke5 1/2-1/2

[Event "European Womens-ch 2025"]
[Site "Rhodes"]
[Date "2025.04.09"]
[Round "9.50"]
[White "Bochnickova, Andrea"]
[Black "Chelushkina, Irina"]
[Result "0-1"]
[Annotator "NA"]
[ECO "A95"]
[WhiteElo "2051"]
[BlackElo "2134"]
[PlyCount "66"]
[EventDate "2025.03.29"]
[EventType "swiss"]
[EventCountry "GRE"]
[SourceTitle "playchess.com"]
[Source "ChessBase"]
[SourceQuality "1"]
[TimeControl "40/5400+30:1800+30"]

1. d4 e6 2. Nf3 f5 3. c4 Nf6 4. Nc3 Be7 5. g3 O-O 6. Bg2 c6 7. O-O d5 8. Bg5 Bd7 9. Ne5 Be8 10. Qb3 Qb6 11. Qxb6 axb6 12. b3 h6 13. Bxf6 gxf6 14. Nd3 dxc4 15. bxc4 Ra3 16. Rfc1 Nd7 17. f4 Bf7 18. Rab1 Rc8 19. Kf1 Kf8 20. Rb3 e5 21. d5 e4 22. Nb2 cxd5 23. Nb5 Rxa2 24. Nd4 dxc4 25. Nd1 Bc5 26. Rb5 Bxd4 27. Rxf5 Be6 28. Rh5 Bg4 29. Rxh6 Bxe2+ 30. Ke1 Kg7 31. Rh4 f5 32. g4 Bxg4 33. Bxe4 Re2+ 0-1

[Event "European Womens-ch 2025"]
[Site "Rhodes"]
[Date "2025.04.09"]
[Round "9.51"]
[White "Bochnickova, Simona"]
[Black "Karadas, Hena"]
[Result "1/2-1/2"]
[Annotator "ChessBase"]
[ECO "B33"]
[WhiteElo "2167"]
[BlackElo "1931"]
[PlyCount "71"]
[EventDate "2025.03.29"]
[EventType "swiss"]
[EventCountry "GRE"]
[SourceTitle "playchess.com"]
[Source "ChessBase"]
[SourceQuality "1"]
[TimeControl "40/5400+30:1800+30"]

1. e4 c5 2. Nf3 Nc6 3. d4 cxd4 4. Nxd4 e5 5. Nb5 d6 6. N1c3 a6 7. Na3 Be7 8. Nd5 Nf6 9. Nxf6+ Bxf6 10. Nc4 Be7 11. Be3 b5 12. Nb6 Rb8 13. Nd5 Be6 14. Be2 O-O 15. O-O Bg5 16. Bg4 Bxd5 17. exd5 Na5 18. Qd3 Nc4 19. b3 Nxe3 20. fxe3 Qb6 21. Rae1 g6 22. Bd7 Rbd8 23. Bc6 f5 24. Kh1 e4 25. Qe2 Rf7 26. g4 Bh4 27. Rd1 Rdf8 28. gxf5 Rxf5 29. Rxf5 Rxf5 30. Rd4 Qd8 31. Rxe4 Qf6 32. Rf4 Rxf4 33. exf4 Qxf4 34. a4 bxa4 35. Bxa4 Qf2 36. Qxf2 1/2-1/2

[Event "European Womens-ch 2025"]
[Site "Rhodes"]
[Date "2025.04.09"]
[Round "9.52"]
[White "Ciolacu, Alessia-Mihaela"]
[Black "Nenova, Andzhelika"]
[Result "1-0"]
[Annotator "NA"]
[ECO "A67"]
[WhiteElo "2136"]
[BlackElo "1903"]
[PlyCount "97"]
[EventDate "2025.03.29"]
[EventType "swiss"]
[EventCountry "GRE"]
[SourceTitle "playchess.com"]
[Source "ChessBase"]
[SourceQuality "1"]
[TimeControl "40/5400+30:1800+30"]

1. d4 Nf6 2. c4 c5 3. d5 e6 4. Nc3 exd5 5. cxd5 d6 6. e4 g6 7. f4 Bg7 8. Bb5+ Nfd7 9. a4 O-O 10. Nf3 Na6 11. O-O Nb4 12. Re1 a6 13. Bf1 Re8 14. h3 f5 15. Qb3 fxe4 16. Nxe4 Nf6 17. Nxf6+ Bxf6 18. Bd2 Bd7 19. a5 Rxe1 20. Bxe1 Rc8 21. Bc3 Bf5 22. Re1 Nc2 23. Rd1 Nd4 24. Bxd4 cxd4 25. Nxd4 Bxd4+ 26. Rxd4 Qxa5 27. Qxb7 Qe1 28. Qb4 Qe3+ 29. Kh2 Rc1 30. Rc4 Rxc4 31. Qxc4 Qe4 32. g4 Qxc4 33. Bxc4 Bc8 34. b4 Kf7 35. Kg3 h5 36. gxh5 gxh5 37. Kh4 Kf6 38. Bd3 Bb7 39. Be4 Bc8 40. Kg3 Bb7 41. Kh4 Bc8 42. Bh7 Bd7 43. Bd3 Bc8 44. Kxh5 Bxh3 45. Bxa6 Bg2 46. Bb7 Bf3+ 47. Kh4 Ke7 48. b5 Kd7 49. b6 1-0

[Event "European Womens-ch 2025"]
[Site "Rhodes"]
[Date "2025.04.09"]
[Round "9.53"]
[White "Valkova, Angelika"]
[Black "Heinatz, Gundula"]
[Result "1/2-1/2"]
[Annotator "NA"]
[ECO "D31"]
[WhiteElo "2001"]
[BlackElo "2111"]
[PlyCount "69"]
[EventDate "2025.03.29"]
[EventType "swiss"]
[EventCountry "GRE"]
[SourceTitle "playchess.com"]
[Source "ChessBase"]
[SourceQuality "1"]
[TimeControl "40/5400+30:1800+30"]

1. d4 d5 2. c4 e6 3. cxd5 exd5 4. Nc3 c6 5. Bf4 Bd6 6. Bxd6 Qxd6 7. Qb3 Nf6 8. e3 O-O 9. Nf3 b6 10. Bd3 Ba6 11. Bxa6 Nxa6 12. O-O Nc7 13. Rac1 Rfe8 14. Na4 Ne6 15. Qc3 Rac8 16. b4 Ne4 17. Qb3 h6 18. Rc2 c5 19. bxc5 bxc5 20. dxc5 N6xc5 21. Nxc5 Rxc5 22. Rxc5 Qxc5 23. Rd1 Rc8 24. Nd4 a5 25. h3 Nc3 26. Rc1 Qb4 27. Kf1 Rc4 28. a3 Qc5 29. Rc2 a4 30. Qb8+ Kh7 31. Qb2 Ne4 32. Nf5 Nf6 33. Nd4 Ne4 34. Nf5 Nf6 35. Nd4 1/2-1/2

[Event "European Womens-ch 2025"]
[Site "Rhodes"]
[Date "2025.04.09"]
[Round "9.54"]
[White "Golsta, Madara"]
[Black "Tsetskhladze, Mariam"]
[Result "1/2-1/2"]
[Annotator "NA"]
[ECO "A20"]
[WhiteElo "1979"]
[BlackElo "2105"]
[PlyCount "82"]
[EventDate "2025.03.29"]
[EventType "swiss"]
[EventCountry "GRE"]
[SourceTitle "playchess.com"]
[Source "ChessBase"]
[SourceQuality "1"]
[TimeControl "40/5400+30:1800+30"]

1. c4 e5 2. g3 c6 3. d4 exd4 4. Qxd4 d5 5. cxd5 cxd5 6. Bg2 Be6 7. Nc3 Nc6 8. Qa4 Nf6 9. Bg5 Bc5 10. Nh3 Bxh3 11. Bxh3 d4 12. Bxf6 Qxf6 13. Ne4 Qe5 14. Nxc5 Qxc5 15. O-O O-O 16. Bg2 Rac8 17. Rac1 Qb6 18. b3 Ne5 19. Be4 Rcd8 20. Rfd1 f5 21. Bg2 f4 22. Rf1 fxg3 23. hxg3 Qh6 24. Bf3 Nxf3+ 25. exf3 Rxf3 26. Qxa7 Rf7 27. Rcd1 Rfd7 28. Rd3 Qc6 29. Rfd1 Qe4 30. Qc5 Rd5 31. Qc7 R5d7 32. Qc5 Rd6 33. Qg5 R8d7 34. Qf4 Qxf4 35. gxf4 Kf7 36. Kg2 Kf6 37. Kf3 g6 38. Ke4 Re6+ 39. Kf3 Red6 40. Ke4 Re7+ 41. Kf3 Red7 1/2-1/2

[Event "European Womens-ch 2025"]
[Site "Rhodes"]
[Date "2025.04.09"]
[Round "9.55"]
[White "Huseynova, Lala"]
[Black "Harutyunyan, Gabriela"]
[Result "1-0"]
[Annotator "NA"]
[ECO "B45"]
[WhiteElo "2065"]
[BlackElo "1793"]
[PlyCount "61"]
[EventDate "2025.03.29"]
[EventType "swiss"]
[EventCountry "GRE"]
[SourceTitle "playchess.com"]
[Source "ChessBase"]
[SourceQuality "1"]
[TimeControl "40/5400+30:1800+30"]

1. e4 c5 2. Nf3 Nc6 3. d4 cxd4 4. Nxd4 Nf6 5. Nc3 e6 6. Ndb5 Bb4 7. a3 Bxc3+ 8. Nxc3 d5 9. exd5 exd5 10. Bd3 O-O 11. O-O d4 12. Ne4 Nxe4 13. Bxe4 Qh4 14. Re1 Bg4 15. Qd3 Rad8 16. Bf4 h6 17. b4 Bh5 18. Bg3 Qf6 19. b5 Ne7 20. Be5 Qh4 21. Bxb7 Nd5 22. Re4 Qg5 23. f4 Qf5 24. Rxd4 Qxd3 25. Rxd3 Nb6 26. a4 Nc4 27. a5 Be2 28. Rxd8 Rxd8 29. b6 axb6 30. a6 Na5 31. a7 1-0

[Event "European Womens-ch 2025"]
[Site "Rhodes"]
[Date "2025.04.09"]
[Round "9.56"]
[White "Alexandri, Vasiliki"]
[Black "Acarbay, Algi"]
[Result "1-0"]
[Annotator "NA"]
[ECO "B07"]
[WhiteElo "1927"]
[BlackElo "2052"]
[PlyCount "91"]
[EventDate "2025.03.29"]
[EventType "swiss"]
[EventCountry "GRE"]
[SourceTitle "playchess.com"]
[Source "ChessBase"]
[SourceQuality "1"]
[TimeControl "40/5400+30:1800+30"]

1. d4 d6 2. e4 Nf6 3. Nc3 e5 4. dxe5 dxe5 5. Qxd8+ Kxd8 6. Bc4 Ke8 7. Nf3 Bd6 8. Bg5 Nbd7 9. O-O-O a6 10. a4 h6 11. Be3 Ng4 12. Nd5 Nxe3 13. Nxe3 Nb6 14. a5 Nd7 15. Rxd6 cxd6 16. Nf5 Rf8 17. Nxg7+ Kd8 18. Nf5 Kc7 19. Rd1 Nc5 20. Nxd6 f6 21. b4 Ne6 22. Nxc8 Raxc8 23. Bxe6 Rcd8 24. Rxd8 Rxd8 25. Bd5 b6 26. axb6+ Kxb6 27. c4 a5 28. bxa5+ Kxa5 29. c5 Rc8 30. c6 Kb6 31. Nh4 Kc7 32. Nf5 Ra8 33. Kb2 h5 34. Ng7 Rb8+ 35. Kc3 h4 36. Ne6+ Kc8 37. Bc4 Rb6 38. Bd5 Rb1 39. Nc5 Rc1+ 40. Kb4 Rb1+ 41. Ka5 Kc7 42. Na6+ Kd6 43. c7 Ra1+ 44. Kb6 Rb1+ 45. Ka7 Rc1 46. Bb7 1-0

[Event "European Womens-ch 2025"]
[Site "Rhodes"]
[Date "2025.04.09"]
[Round "9.57"]
[White "Golsta, Ramona"]
[Black "Shuqja, Klean"]
[Result "0-1"]
[Annotator "NA"]
[ECO "E11"]
[WhiteElo "1943"]
[BlackElo "2049"]
[PlyCount "62"]
[EventDate "2025.03.29"]
[EventType "swiss"]
[EventCountry "GRE"]
[SourceTitle "playchess.com"]
[Source "ChessBase"]
[SourceQuality "1"]
[TimeControl "40/5400+30:1800+30"]

1. d4 Nf6 2. c4 e6 3. Nf3 Bb4+ 4. Bd2 Qe7 5. g3 O-O 6. Bg2 Nc6 7. O-O Bxd2 8. Qxd2 d5 9. cxd5 exd5 10. Nc3 h6 11. a3 a5 12. Rac1 Ne4 13. Qe3 Nxc3 14. Qxe7 Nxe7 15. Rxc3 c6 16. b4 axb4 17. axb4 Ra2 18. e3 Rb2 19. Ne5 Rxb4 20. Nd3 Ra4 21. Nc5 Ra2 22. Rb3 b5 23. f3 Be6 24. e4 Rfa8 25. f4 Rd2 26. f5 Raa2 27. Bh1 Bc8 28. g4 Rxd4 29. Rg3 Rc4 30. Nd3 dxe4 31. Ne5 Rc5 0-1

[Event "European Womens-ch 2025"]
[Site "Rhodes"]
[Date "2025.04.09"]
[Round "9.58"]
[White "Silva, Ana Ines Teixeira Da"]
[Black "Mihaljevic, Eva"]
[Result "1/2-1/2"]
[Annotator "NA"]
[ECO "B22"]
[WhiteElo "1893"]
[BlackElo "2039"]
[PlyCount "108"]
[EventDate "2025.03.29"]
[EventType "swiss"]
[EventCountry "GRE"]
[SourceTitle "playchess.com"]
[Source "ChessBase"]
[SourceQuality "1"]
[TimeControl "40/5400+30:1800+30"]

1. e4 c5 2. c3 d5 3. exd5 Nf6 4. Qa4+ Nbd7 5. Qb3 a6 6. Nf3 b5 7. c4 bxc4 8. Bxc4 Nb6 9. Nc3 Nxc4 10. Qa4+ Bd7 11. Qxc4 e6 12. O-O exd5 13. Nxd5 Nxd5 14. Qxd5 Be7 15. Re1 O-O 16. d4 Be6 17. Qxd8 Rfxd8 18. dxc5 Bxc5 19. Bg5 Rd5 20. Rac1 h6 21. Bd2 Bg4 22. Be3 Bb4 23. Red1 Rad8 24. Rxd5 Rxd5 25. a3 Be7 26. h3 Bh5 27. b4 Rd3 28. g4 Bg6 29. Ne5 Rxa3 30. Nxg6 fxg6 31. Rc8+ Kh7 32. Bc5 Bxc5 33. Rxc5 Rxh3 34. Kg2 Rb3 35. Rc4 g5 36. f3 Kg6 37. Rc6+ Kf7 38. Rxa6 Rxb4 39. Rc6 Rf4 40. Kg3 Rf6 41. Rc7+ Kg6 42. Ra7 Re6 43. Ra5 Kf6 44. Rf5+ Ke7 45. Ra5 Rd6 46. Re5+ Kf6 47. Rf5+ Ke6 48. Rf8 Rd7 49. Ra8 Ke5 50. Re8+ Kd4 51. Re1 Rf7 52. Re8 Kd3 53. Kg2 Ra7 54. Kg3 Rb7 1/2-1/2

[Event "European Womens-ch 2025"]
[Site "Rhodes"]
[Date "2025.04.09"]
[Round "9.59"]
[White "Subramanian, Anusha"]
[Black "Recica, Jona"]
[Result "1-0"]
[Annotator "NA"]
[ECO "A14"]
[WhiteElo "2026"]
[BlackElo "1716"]
[PlyCount "63"]
[EventDate "2025.03.29"]
[EventType "swiss"]
[EventCountry "GRE"]
[SourceTitle "playchess.com"]
[Source "ChessBase"]
[SourceQuality "1"]
[TimeControl "40/5400+30:1800+30"]

1. Nf3 d5 2. c4 c6 3. g3 Nf6 4. Bg2 e6 5. O-O Be7 6. b3 O-O 7. Bb2 Nbd7 8. d3 b6 9. Nbd2 Qc7 10. Rc1 Bb7 11. cxd5 Nxd5 12. a3 Rac8 13. Qc2 Qb8 14. Qb1 f5 15. e4 N5f6 16. Nd4 fxe4 17. Nxe6 Rfe8 18. dxe4 Ba6 19. Rfd1 Ne5 20. Nf3 Bd6 21. Nxe5 Bxe5 22. Nd4 c5 23. Nf5 g6 24. Bxe5 Rxe5 25. Nd6 Rd8 26. f4 Re7 27. e5 Nd7 28. Bd5+ Kg7 29. Qb2 Nf8 30. f5 Kh6 31. Qd2+ g5 32. h4 1-0

[Event "European Womens-ch 2025"]
[Site "Rhodes"]
[Date "2025.04.09"]
[Round "9.60"]
[White "Alexandri, Dimitra"]
[Black "Nahapetyan, Ani"]
[Result "0-1"]
[Annotator "NA"]
[ECO "B87"]
[WhiteElo "1995"]
[BlackElo "1887"]
[PlyCount "142"]
[EventDate "2025.03.29"]
[EventType "swiss"]
[EventCountry "GRE"]
[SourceTitle "playchess.com"]
[Source "ChessBase"]
[SourceQuality "1"]
[TimeControl "40/5400+30:1800+30"]

1. e4 c5 2. Nf3 d6 3. d4 cxd4 4. Nxd4 Nf6 5. Nc3 a6 6. Bc4 e6 7. Bb3 b5 8. O-O Be7 9. Qf3 Qc7 10. Re1 O-O 11. Qg3 Nc6 12. Nxc6 Qxc6 13. Bh6 Ne8 14. a4 b4 15. Na2 Rb8 16. Nc1 Kh8 17. Bd2 Nf6 18. f3 a5 19. Nd3 Ba6 20. e5 Nd7 21. exd6 Bxd6 22. Bf4 Bxf4 23. Nxf4 Nc5 24. Nh5 Rg8 25. Qe5 Rbc8 26. Kh1 Nxb3 27. cxb3 Qc5 28. Ng3 Bb7 29. Qf4 Qc7 30. Qe3 Rgd8 31. Rac1 Qd7 32. Rxc8 Rxc8 33. Qa7 h6 34. Qxa5 Qd2 35. Qe5 Rc2 36. Qe2 Qxe2 37. Nxe2 Rxb2 38. Nc1 Bd5 39. h3 Rb1 40. Rg1 Kg8 41. a5 Kf8 42. a6 Ke7 43. a7 Kd6 44. Ne2 Rxg1+ 45. Kxg1 Kc7 46. Nf4 Kb7 47. Nd3 Kxa7 48. Nxb4 Bxb3 49. Kf2 Kb6 50. Nd3 f6 51. Nf4 g5 52. Nh5 f5 53. g4 f4 54. Nf6 Kc6 55. Ne4 Kd5 56. Nc3+ Kd4 57. Nb5+ Kd3 58. Nd6 e5 59. Ne4 Kd4 60. Nd6 Kd5 61. Ne4 Bc2 62. Nf6+ Ke6 63. Ne8 Bd3 64. Nc7+ Kd6 65. Ne8+ Ke7 66. Nc7 Bc4 67. Na8 Kd8 68. Nb6 Bb3 69. Ke2 Kc7 70. Na8+ Kb7 71. Kd3 Bd5 0-1

[Event "European Womens-ch 2025"]
[Site "Rhodes"]
[Date "2025.04.09"]
[Round "9.61"]
[White "Kosma, Maria"]
[Black "Hariharan, Shambavi"]
[Result "1/2-1/2"]
[Annotator "NA"]
[ECO "C77"]
[WhiteElo "1826"]
[BlackElo "2024"]
[PlyCount "71"]
[EventDate "2025.03.29"]
[EventType "swiss"]
[EventCountry "GRE"]
[SourceTitle "playchess.com"]
[Source "ChessBase"]
[SourceQuality "1"]
[TimeControl "40/5400+30:1800+30"]

1. e4 e5 2. Nf3 Nc6 3. Bb5 a6 4. Ba4 Nf6 5. d3 b5 6. Bb3 Bc5 7. c3 h6 8. d4 exd4 9. e5 Ng8 10. cxd4 Bb4+ 11. Nc3 d5 12. exd6 Bxd6 13. O-O Nge7 14. h3 O-O 15. Bc2 Bf5 16. Ne4 Re8 17. a3 Ng6 18. Re1 Nce7 19. Nc3 Bxc2 20. Qxc2 Bf4 21. Qe4 Qd6 22. Be3 c6 23. Qc2 Nd5 24. Ne4 Qd7 25. Bxf4 Ndxf4 26. Kh2 Qd5 27. Re3 Ne6 28. Rd1 Rad8 29. Nc3 Qd6+ 30. g3 Nc7 31. h4 Nd5 32. Nxd5 Qxd5 33. Rde1 Rxe3 34. Rxe3 Rc8 35. b4 Ra8 36. Qd2 1/2-1/2

[Event "European Womens-ch 2025"]
[Site "Rhodes"]
[Date "2025.04.09"]
[Round "9.62"]
[White "Zvereva, Marija"]
[Black "Chasouraki, Chrysi"]
[Result "0-1"]
[Annotator "NA"]
[ECO "B40"]
[WhiteElo "2033"]
[BlackElo "1843"]
[PlyCount "104"]
[EventDate "2025.03.29"]
[EventType "swiss"]
[EventCountry "GRE"]
[SourceTitle "playchess.com"]
[Source "ChessBase"]
[SourceQuality "1"]
[TimeControl "40/5400+30:1800+30"]

1. e4 c5 2. Nf3 e6 3. g3 d5 4. exd5 exd5 5. d4 cxd4 6. Nxd4 Nc6 7. Bg2 Bc5 8. Ne2 Nf6 9. O-O O-O 10. Nd2 Re8 11. h3 Bf5 12. Nb3 Bb6 13. c3 Be4 14. Ned4 Bxg2 15. Kxg2 Ne4 16. Bf4 Qf6 17. f3 Nd6 18. Bxd6 Qxd6 19. f4 Nxd4 20. Nxd4 Re4 21. Qd2 Rae8 22. Rae1 Bxd4 23. cxd4 Qe7 24. Kf2 Qd7 25. Kg2 Qe7 26. Kf2 Qe6 27. Rh1 Qa6 28. b3 h6 29. Rxe4 Rxe4 30. Re1 Rxe1 31. Kxe1 Qe6+ 32. Qe2 Qxh3 33. Qe8+ Kh7 34. Qxf7 Qxg3+ 35. Kd2 Qf2+ 36. Kd3 Qf3+ 37. Kd2 Qe4 38. Kc3 Qe3+ 39. Kc2 Qxd4 40. Qf5+ g6 41. Qf7+ Qg7 42. Qxd5 h5 43. Qg5 Qc7+ 44. Kb2 b6 45. b4 Qd6 46. a3 Kg7 47. Kb3 a6 48. Qg3 Qd1+ 49. Kc4 Qd6 50. Qe3 h4 51. f5 gxf5 52. Qf3 b5+ 0-1